 Dungeon Crawl Stone Soup version 0.30-a0-1018-g25214051b3 (webtiles) character file.

Game seed: 16306946279939587491

520 pokeman the Magician (level 7, -7/38 HPs)
             Began as a Deep Elf Hedge Wizard on Apr 7, 2023.
             Killed by divine providence
             ... invoked by an orc priest
              (12 damage)
             ... on level 5 of the Dungeon.
             The game lasted 00:08:40 (4515 turns).

pokeman the Magician (Deep Elf Hedge Wizard)        Turns: 4515, Time: 00:08:42

Health: -7/38      AC:  3    Str:  7    XL:     7   Next: 1%
Magic:  0/20       EV: 12    Int: 21    God:
Gold:   74         SH:  0    Dex: 14    Spells: 12/21 levels left

rFire   . . .      SeeInvis .    b - +2 dagger (venom)
rCold   . . .      Faith    .    (no shield)
rNeg    . . .      Spirit   .    r - +0 leather armour {Will+}
rPois   .          Reflect  .    c - +0 hat
rElec   .          Rampage  .    (no cloak)
rCorr   .                        (no gloves)
Will    +....                    (no boots)
Stlth   ++                       (no amulet)
HPRegen 0.26/turn                (no ring)
MPRegen 0.17/turn                (no ring)

@: no status effects
A: no striking features
a: no special abilities


You were on level 5 of the Dungeon.
You visited 1 branch of the dungeon, and saw 5 of its levels.

You collected 314 gold pieces.
You spent 240 gold pieces at shops.

Inventory:

Hand Weapons
 b - a +2 dagger of venom (weapon)
Missiles
 l - 3 curare-tipped darts
Armour
 c - a +0 hat (worn)
 r - a +0 leather armour of willpower (worn)
Magical Staves
 u - a staff of fire
Jewellery
 q - a ring of protection from cold
Wands
 t - a wand of paralysis (5)
 w - a wand of iceblast (7)
 x - a wand of flame (5)
Scrolls
 a - a scroll of torment {unknown}
 e - 5 scrolls of identify
 h - 4 scrolls of vulnerability {unknown}
 i - a scroll of enchant weapon {unknown}
 j - 2 scrolls of magic mapping {unknown}
 n - a scroll of fog {unknown}
 p - 2 scrolls of noise {unknown}
 s - 5 scrolls of teleportation
 y - a scroll of fear {unknown}
 z - 2 scrolls of blinking
 B - a scroll of poison {unknown}
Potions
 d - 2 potions of magic
 f - a potion of brilliance {unknown}
 g - a potion of lignification {unknown}
 k - a potion of degeneration {unknown}
 m - a potion of cancellation {unknown}
 o - a potion of might {unknown}
 v - a potion of experience {unknown}
 A - 3 potions of mutation {unknown}


   Skills:
 + Level 1.2 Fighting
 - Level 1.1 Armour
 - Level 3.1 Dodging
 - Level 3.2 Stealth
 * Level 7.6 Spellcasting
 + Level 3.6 Conjurations
 - Level 1.1 Summonings
 - Level 1.1 Translocations
 + Level 1.2 Fire Magic
 - Level 1.0 Air Magic
 - Level 1.4 Poison Magic
 - Level 1.3 Evocations


You had 12 spell levels left.
You knew the following spells:

 Your Spells              Type           Power      Damage    Failure   Level
a - Magic Dart            Conj           92%        1d7       2%          1
b - Mephitic Cloud        Conj/Pois/Air  16%        N/A       16%         3
c - Call Imp              Summ           24%        N/A       12%         2
d - Blink                 Tloc           24%        N/A       12%         2
e - Foxfire               Conj/Fire      72%        2x1d7     4%          1

Your spell library contained the following spells:

 Spells                   Type           Power      Damage    Failure   Level
 Summon Small Mammal      Summ           48%        N/A       8%          1
 Slow                     Hex            32%        N/A       12%         1
 Cigotuvi's Dreadful Rot  Necr/Pois/Air  22%        N/A       13%         2
 Call Canine Familiar     Summ           12%        N/A       22%         3
 Portal Projectile        Hex/Tloc       20%        N/A       28%         3
 Summon Guardian Golem    Hex/Summ       10%        N/A       28%         3
 Confusing Touch          Hex            8%         N/A       36%         3
 Vampiric Draining        Necr           8%         2d6       36%         3
 Leda's Liquefaction      Hex/Erth       4%         N/A       77%         4
 Fireball                 Conj/Fire      9%         3d6       77%         5
 Plasma Beam              Fire/Air       6%         2x1d18    100%        6
 Starburst                Conj/Fire      9%         6d5       100%        6


Dungeon Overview and Level Annotations

Branches:
Dungeon (5/15)
 Temple: D:4-7

Altars:
Gozag

Shops:
D:2 ?

Annotations:
D:5 1 runed translucent door


Message History

You closely miss the ice beast.
The ice beast is severely wounded.
The foxfire hits the ice beast.
The ice beast melts!
The ice beast is almost dead.
The foxfire hits the ice beast but does no damage.
The ice beast is almost dead.
The ice beast hits you. The ice beast freezes you!
* * * LOW HITPOINT WARNING * * *
The orc priest seems less confused.
The ice beast attacks as you move away! The ice beast barely misses you.
The ice beast closely misses you.
Casting: Foxfire (safe; 4% risk of failure)
Confirm with . or Enter, or press ? or * to list all spells.
You conjure some foxfire!
The orc priest looks more healthy.
The orc priest hits you with a +0 club.
* * * LOW HITPOINT WARNING * * *
The ice beast barely misses you.
Your foxfire dissipates!
The ice beast attacks as you move away! The ice beast barely misses you.
The foxfire hits the orc priest.
The orc priest is severely wounded.
The orc priest closely misses you.
Unknown command.
The ice beast attacks as you move away! The ice beast misses you.
The ice beast attacks as you move away! The ice beast closely misses you.
The orc priest hits you with a +0 club.
* * * LOW HITPOINT WARNING * * *
Casting: Foxfire (safe; 4% risk of failure)
Confirm with . or Enter, or press ? or * to list all spells.
You conjure some foxfire!
The orc priest hits you with a +0 club.
* * * LOW HITPOINT WARNING * * *
The ice beast hits you but does no damage.
Unknown command.
The foxfire hits the orc priest.
The orc priest is almost dead.
The foxfire hits the orc priest.
The orc priest is almost dead.
The orc priest invokes the aid of Beogh against you.
Beogh smites you!
You die...

#.....#
#.#.###.....#
#...........########
###.##.##..........#
#.............#
####..........#
...............#
...............#
.........@Yo....#
.........ยง......#
....##..........#
....''..))......#
...##..........# .
############


You could see an ice beast and an orc priest.

Vanquished Creatures
  Duvessa (D:5)
  Blork the orc (D:4)
  A scorpion (D:5)
  Dowan (D:5)
  Terence (D:2)
  Natasha (thrice) (D:4)
  An orc wizard (D:5)
  An adder (D:3)
  3 gnolls (D:3)
  A white imp (D:5)
  A worm (D:5)
  4 dart slugs
  4 orcs
  5 ball pythons
  8 endoplasms
  A giant cockroach (D:2)
  7 hobgoblins
  13 kobolds
  2 quokkas (D:1)
  2 bats (D:1)
  3 frilled lizards
  8 goblins
  3 rats
  A butterfly (D:3)
76 creatures vanquished.

Vanquished Creatures (others)
  247 foxfires
  6 plants (D:3)
253 creatures vanquished.

Grand Total: 329 creatures vanquished

Notes
Turn   | Place    | Note
-------+----------+-------------------------------------------
     0 | D:1      | pokeman the Deep Elf Hedge Wizard began the quest for the
                  | Orb.
     0 | D:1      | Reached XP level 1. HP: 10/10 MP: 7/7
   333 | D:1      | Reached XP level 2. HP: 16/16 MP: 6/9
   410 | D:1      | Found a faded altar of an unknown god.
   770 | D:1      | Reached skill level 5 in Spellcasting
  1013 | D:1      | Reached XP level 3. HP: 20/20 MP: 9/11
  1017 | D:1      | Learned a level 3 spell: Mephitic Cloud
  1020 | D:1      | Learned a level 2 spell: Call Imp
  1023 | D:1      | Learned a level 2 spell: Blink
  1053 | D:1      | Learned a level 1 spell: Foxfire
  1389 | D:2      | Found Osiyfema's Magic Scroll Shoppe.
  1396 | D:2      | Bought a scroll of identify for 24 gold pieces
  1561 | D:2      | Found an opulent altar of Gozag.
  1998 | D:2      | Noticed Terence
  2243 | D:2      | Killed Terence
  2244 | D:2      | Reached skill level 1 in Fighting
  2244 | D:2      | Reached skill level 1 in Armour
  2360 | D:2      | Reached XP level 4. HP: 25/25 MP: 10/13
  3133 | D:3      | Reached skill level 6 in Spellcasting
  3456 | D:4      | Noticed Blork the orc
  3462 | D:4      | Killed Blork the orc
  3463 | D:4      | Reached XP level 5. HP: 29/29 MP: 8/15
  3602 | D:4      | Noticed Natasha
  3608 | D:4      | Killed Natasha
  3739 | D:4      | Noticed Natasha
  3743 | D:4      | Killed Natasha
  3824 | D:4      | Noticed Natasha
  3833 | D:4      | Killed Natasha
  3834 | D:4      | Reached skill level 1 in Fire Magic
  3834 | D:4      | Reached XP level 6. HP: 34/34 MP: 7/17
  4173 | D:2      | Bought a scroll of teleportation for 36 gold pieces
  4173 | D:2      | Bought a scroll of blinking for 90 gold pieces
  4173 | D:2      | Bought a scroll of blinking for 90 gold pieces
  4198 | D:5      | Entered Level 5 of the Dungeon
  4215 | D:5      | Reached skill level 1 in Air Magic
  4326 | D:5      | Reached skill level 7 in Spellcasting
  4368 | D:5      | Found a large runed translucent door.
  4472 | D:5      | Noticed Dowan
  4473 | D:5      | Noticed Duvessa
  4488 | D:5      | Killed Duvessa
  4489 | D:5      | Reached skill level 1 in Poison Magic
  4489 | D:5      | Reached skill level 1 in Evocations
  4489 | D:5      | Noticed an ice beast
  4491 | D:5      | Killed Dowan
  4492 | D:5      | Reached XP level 7. HP: 20/38 MP: 3/20
  4515 | D:5      | Killed from afar by an orc priest

Illustrated notes

Levels and vault maps discovered:
D:1:      minmay_arrival_checkered_box, layout_loops_ring,
          hellmonk_ecumenical_altar_blasted
D:2:      layout_basic, serial_shops, nicolae_diamond_shop, basic_altar,
          uniq_terence
D:3:      layout_loops_ring, hangedman_glass_garden,
          nicolae_concentric_dashed_squares_wild, lexackson_kobold_supper
D:4:      layout_rooms, item_on_display_a, uniq_blork_the_orc, uniq_natasha
D:5:      layout_basic, jmf_multi_god_temple2, st_stairs_13, uniq_duvessa,
          uniq_prince_ribbit1

Skill      XL: |  1  2  3  4  5  6 |
---------------+-------------------+-----
Spellcasting   | 5 6 7 |  7.6
Fighting       | 1 |  1.2
Armour         | 1 |  1.1
Conjurations   | 2 3 |  3.6
Dodging        | 3 |  3.1
Stealth        | 3 |  3.2
Fire Magic     | 1 |  1.2
Air Magic      | 1 |  1.0
Poison Magic   | 1 |  1.4
Evocations     | 1 |  1.3
Summonings     | |  1.1
Translocations | |  1.1

Action                     |  1- 3 |  4- 6 |  7- 9 || total
---------------------------+-------+-------+-------++-------
  Melee: Dagger            |       |    21 |     3 ||    24
         Punch             |       |     1 |       ||     1
   Cast: Magic Dart        |    61 |     3 |       ||    64
         Foxfire           |    35 |    94 |     7 ||   136
         Blink             |     2 |       |       ||     2
         Mephitic Cloud    |     1 |     3 |       ||     4
 Armour: Leather armour    |       |     7 |     1 ||     8
  Dodge: Dodged            |     8 |    18 |    11 ||    37

Table legend: (Time is in decaauts)
 A = Elapsed time spent in this place.
 B = Non-inter-level travel time spent in this place.
 C = Inter-level travel time spent in this place.
 D = Time resting spent in this place.
 E = Time spent auto-exploring this place.
 F = Levels seen in this place.
 G = Mean time per level.
                   A        B        C        D        E       F      G
               +--------+--------+--------+--------+--------+-----+--------+
         Total |   4515 |   4312 |    203 |      0 |   3720 |   5 |  903.0 |
       Dungeon |   4515 |   4312 |    203 |      0 |   3720 |   5 |  903.0 |
               +--------+--------+--------+--------+--------+-----+--------+

Top non-repeatable levels by time:
     D:1: 1332 daAuts
     D:2: 1190 daAuts
     D:3: 998 daAuts
     D:4: 676 daAuts
     D:5: 316 daAuts
